 Dungeon Crawl Stone Soup version 0.26.1-2-gb8aa6d0cf2 (webtiles) character file.

Game seed: 11521133745305793610

22409 Azunone the Geomancer (level 13, -2/101 HPs)
             Began as a Gnoll Wanderer on Mar 20, 2021.
             Was an Initiate of Gozag.
             Engulfed by an ice statue's freezing vapour (22 damage)
             ... in an ice cave on Mar 21, 2021.
             The game lasted 00:54:27 (15057 turns).

Azunone the Geomancer (Gnoll Wanderer)             Turns: 15057, Time: 00:54:28

Health: -2/101     AC: 11    Str: 17    XL:     13   Next: 0%
Magic:  24/24      EV: 23    Int: 16    God:    Gozag
Gold:   2392       SH:  7    Dex: 22    Spells: 9/27 levels left

rFire    . . .     SeeInvis .   s - +8 trident of the Octopus King {venom, rElec rPois Will+}
rCold    . . .     Faith    .   Q - +0 buckler
rNeg     . . .     Spirit   .   f - +0 steam dragon scales
rPois    +         Reflect  .   (no helmet)
rElec    +         Harm     .   u - +0 cloak
rCorr    .         Rampage  .   Z - +1 pair of gloves
Will     +....                  U - +0 pair of boots
Stlth    ++++......             W - amulet of regeneration
HPRegen  0.66/turn              y - +4 ring of evasion
MPRegen  0.19/turn              B - +6 ring of dexterity

@: studying Earth Magic
A: distributed training, fangs 1, strong nose
a: Renounce Religion, Potion Petition, Call Merchant, Bribe Branch


You were in an ice cave.
You worshipped Gozag.
Gozag was most pleased with you.
You visited 2 branches of the dungeon, and saw 15 of its levels.
You also visited: Ice Cave.

You collected 2530 gold pieces.
You paid 138 gold pieces to Gozag.

Inventory:

Hand Weapons
 a - a +2 hand crossbow
 s - the +8 trident of the Octopus King (weapon) {venom, rElec rPois Will+}
   (You found it on level 12 of the Dungeon)

   It poisons the flesh of those it strikes.
   It insulates you from electricity.
   It protects you from poison.
   It affects your willpower, your defense against some magical effects.
 D - a +1 hand axe of draining
Missiles
 b - 95 bolts
 t - 34 poisoned darts (quivered)
 I - 5 silver javelins
 O - a throwing net
Armour
 f - +0 steam dragon scales (worn)
 u - a +0 cloak (worn)
 v - a +2 leather armour of willpower
 Q - a +0 buckler (worn)
 S - a cursed +0 ring mail
 U - a +0 pair of boots (worn)
 Z - a +1 pair of gloves (worn)
Jewellery
 w - an uncursed ring of fire
 y - a +4 ring of evasion (left hand)
 z - an uncursed ring of wizardry
 B - a +6 ring of dexterity (right hand)
 E - a +4 ring of evasion
 L - an uncursed ring of magical power
 T - an uncursed ring of see invisible
 W - an amulet of regeneration (around neck)
Wands
 e - a wand of digging (13)
 J - a wand of iceblast (9)
 M - a wand of acid (38)
 R - a wand of paralysis (11)
 Y - a wand of flame (29)
Scrolls
 c - 8 scrolls of teleportation
 g - 5 scrolls of blinking {unknown}
 j - 6 scrolls of fog {unknown}
 k - 2 scrolls of noise {unknown}
 l - 9 scrolls of remove curse
 m - a scroll of magic mapping {unknown}
 n - a scroll of enchant weapon {unknown}
 o - 2 scrolls of amnesia {unknown}
 q - a scroll of vulnerability {unknown}
 x - 3 scrolls of enchant armour {unknown}
 G - a scroll of random uselessness {unknown}
 V - a scroll of fear {unknown}
Potions
 d - a potion of might {unknown}
 h - a potion of invisibility
 i - 3 potions of magic
 p - 2 potions of curing
 r - a potion of berserk rage {unknown}
 A - 2 potions of mutation {unknown}
 C - 2 potions of flight
 F - 3 potions of lignification {unknown}
 H - a potion of attraction {unknown}
 N - a potion of haste
 P - a potion of cancellation
Books
 K - a manual of Earth Magic
Miscellaneous
 X - a box of beasts


   Skills:
 + Level 9.1 Fighting
 + Level 7.8 Short Blades
 + Level 7.8 Long Blades
 + Level 7.8 Axes
 + Level 7.8 Maces & Flails
 + Level 7.8 Polearms
 + Level 7.8 Staves
 + Level 7.8 Slings
 + Level 7.8 Bows
 + Level 9.1 Crossbows
 + Level 8.3 Throwing
 + Level 8.3 Armour
 + Level 7.8 Dodging
 + Level 7.8 Stealth
 + Level 7.8 Shields
 + Level 7.8 Unarmed Combat
 + Level 7.8 Spellcasting
 + Level 6.5 Conjurations
 + Level 6.5 Hexes
 + Level 6.5 Summonings
 + Level 6.5 Necromancy
 + Level 6.5 Translocations
 + Level 6.5 Transmutations
 + Level 6.5 Fire Magic
 + Level 6.9 Ice Magic
 + Level 6.5 Air Magic
 + Level 9.6 Earth Magic
 + Level 6.5 Poison Magic
 + Level 8.5 Invocations
 + Level 8.3 Evocations


You had 9 spell levels left.
You knew the following spells:

 Your Spells              Type           Power        Failure   Level
a - Corona                Hex            30%          1%          1
b - Inner Flame           Hex/Fire       27%          2%          3
c - Dazzling Flash        Conj/Hex       54%          2%          3
d - Tukima's Dance        Hex            27%          2%          3
e - Conjure Flame         Conj/Fire      27%          2%          3
f - Blink                 Tloc           N/A          1%          2
g - Mephitic Cloud        Conj/Pois/Air  27%          2%          3

Your spell library contained the following spells:

 Spells                   Type           Power        Failure   Level
 Animate Skeleton         Necr           54%          1%          1
 Apportation              Tloc           54%          1%          1
 Magic Dart               Conj           100%         1%          1
 Summon Small Mammal      Summ           100%         1%          1
 Call Imp                 Summ           27%          1%          2
 Ensorcelled Hibernation  Hex/Ice        54%          1%          2
 Searing Ray              Conj           54%          1%          2
 Slow                     Hex            27%          1%          2
 Confusing Touch          Hex            27%          2%          3
 Portal Projectile        Hex/Tloc       54%          2%          3
 Leda's Liquefaction      Hex/Erth       16%          4%          4
 Cause Fear               Hex            13%          8%          4
 Fulminant Prism          Conj/Hex       13%          8%          4
 Iskenderun's Mystic Bla  Conj/Tloc      27%          8%          4


Dungeon Overview and Level Annotations

Branches:
Dungeon (14/15)            Temple (1/1) D:5            Lair (0/6) D:10
    Orc (0/2) D:9           IceCv (1/1)
 Vaults: D:13-14

Altars:
Ashenzari
Cheibriados
Dithmenos
Elyvilon
Fedhas
Gozag
Hepliaklqana
Kikubaaqudgha
Makhleb
Nemelex Xobeh
Okawaru
Qazlal
Ru
Sif Muna
Trog
Uskayaw
Vehumet
Wu Jian
Xom
Yredelemnul
Zin
The Shining One
Jiyva

Shops:
D:9 }

Annotations:
D:5 3 runed translucent doors, DearestLeader's ghost, amateur SpEn
D:11 exclusion: orange crystal statue IceCv exclusion: 2 ice statues


Innate Abilities, Weirdness & Mutations

Your experience applies equally to all skills.
You have very sharp teeth.
Your uncanny sense of smell can sniff out nearby items.


Message History

You puncture the ice statue! You bite the ice statue.
The ice statue is heavily damaged.
You are engulfed in freezing vapours.
The ice beast hits you but does no damage.
You hit the ice statue.
You bite the ice statue, but do no damage.
The ice statue is heavily damaged.
You are engulfed in freezing vapours.
You block the ice beast's attack.
The ice statue glitters chillingly in the dim dungeon light.
The ice statue gestures. x2
You puncture the ice statue!
You bite the ice statue, but do no damage.
The ice statue is severely damaged.
You are engulfed in freezing vapours.
* * * LOW HITPOINT WARNING * * *
The ice beast misses you.
The ice statue gestures.
You feel better.
You are engulfed in freezing vapours.
You die...
Your body crumbles into a pile of gold.

#....## #.....## ####
8.Y....# ##..######
##......# #....##§§##
###§$.....#
......§.§☼###§§§$.....##
.∩.∩..§§☼○§#§§§☼$○○....#
......§##§○§§##§Y°○....#
#....#####≈☼####@○.....#
##..## #### #8YY....##
#### ####.#.## ####


You could see 2 ice statues and 4 ice beasts.

Vanquished Creatures
  A boulder beetle (D:12)
  A centaur warrior (D:13)
  3 two-headed ogres
  A tengu warrior (D:14)
  3 ugly things
  A deep elf mage (D:13)
  2 cyclopes (D:11)
  A manticore (D:13)
  Joseph (D:9)
  A centaur zombie (D:13)
  A komodo dragon (D:12)
  An efreet (D:13)
  A tengu conjurer (D:14)
  3 meliai (D:13)
  A hornet (D:13)
  5 trolls
  A wyvern (D:13)
  A wraith (D:11)
  20 yaks
  Grum (D:11)
  A steam dragon (D:8)
  A warg (D:9)
  An acid dragon (D:12)
  2 water moccasins
  4 sky beasts
  Duvessa (D:4)
  2 ice beasts
  8 black bears
  2 eyes of draining
  A phantom (D:11)
  9 orc warriors
  2 necrophages (D:10)
  5 wolves
  7 ogres
  8 centaurs
  12 bullfrogs
  A water moccasin zombie (D:9)
  A gnoll sergeant (D:7)
  Dowan (D:4)
  A water moccasin skeleton (D:3)
  A troll zombie (D:10)
  16 killer bees
  8 scorpions
  A wight (D:10)
  9 howler monkeys
  4 human zombies (D:10)
  2 bullfrog zombies
  A quasit (D:9)
  Crazy Yiuf (D:2)
  11 hounds
  5 jellies
  A centaur skeleton (D:8)
  2 gnoll shamans (D:7)
  8 orc priests
  18 orc wizards
  2 bullfrog skeletons (D:7)
  An iguana (D:7)
  2 human skeletons (D:10)
  7 worker ants
  A mummy (D:10)
  A worker ant zombie (D:5)
  13 adders
  7 gnolls (D:7)
  2 shadow imps
  8 white imps
  8 ufetubi
  3 adder skeletons
  3 worms
  A dart slug (D:1)
  6 leopard geckos
  50 orcs
  5 ball pythons
  9 bats
  2 giant cockroaches
  8 goblins
  6 hobgoblins
  3 jackals
  6 kobolds
  9 quokkas
  4 frilled lizards (D:1)
  An orc zombie (D:10)
  A quokka skeleton (D:8)
  A quokka zombie (D:5)
  8 rats
386 creatures vanquished.

Vanquished Creatures (others)
  4 white imps (IceCv)
  2 ufetubi (IceCv)
  39 fungi (D:10)
  30 plants (D:10)
75 creatures vanquished.

Grand Total: 461 creatures vanquished

Notes
Turn   | Place    | Note
-------+----------+-------------------------------------------
     0 | D:1      | Azunone the Gnoll Wanderer began the quest for the Orb.
     0 | D:1      | Azunone set off with the following items: a +2 hand
                  | crossbow, 24 bolts, 2 scrolls of teleportation, a +0 robe
     0 | D:1      | Reached XP level 1. HP: 20/20 MP: 1/1
    60 | D:1      | Reached XP level 2. HP: 26/26 MP: 2/2
   317 | D:1      | Reached XP level 3. HP: 31/31 MP: 3/3
   640 | D:2      | Reached skill level 1 in Invocations
   823 | D:2      | Reached skill level 1 in Short Blades
   823 | D:2      | Reached skill level 1 in Long Blades
   823 | D:2      | Reached skill level 1 in Axes
   823 | D:2      | Reached skill level 1 in Maces & Flails
   823 | D:2      | Reached skill level 1 in Polearms
   823 | D:2      | Reached skill level 1 in Staves
   823 | D:2      | Reached skill level 1 in Slings
   823 | D:2      | Reached skill level 1 in Bows
   823 | D:2      | Reached skill level 1 in Dodging
   823 | D:2      | Reached skill level 1 in Stealth
   823 | D:2      | Reached skill level 1 in Shields
   823 | D:2      | Reached skill level 1 in Unarmed Combat
   823 | D:2      | Reached skill level 1 in Spellcasting
   932 | D:2      | Found a runed translucent door.
   933 | D:2      | Noticed Crazy Yiuf
   940 | D:2      | Killed Crazy Yiuf
   941 | D:2      | Reached XP level 4. HP: 20/38 MP: 5/5
  1168 | D:2      | Reached skill level 1 in Conjurations
  1168 | D:2      | Reached skill level 1 in Hexes
  1168 | D:2      | Reached skill level 1 in Summonings
  1168 | D:2      | Reached skill level 1 in Necromancy
  1168 | D:2      | Reached skill level 1 in Translocations
  1168 | D:2      | Reached skill level 1 in Transmutations
  1168 | D:2      | Reached skill level 1 in Fire Magic
  1168 | D:2      | Reached skill level 1 in Air Magic
  1168 | D:2      | Reached skill level 1 in Poison Magic
  1460 | D:3      | Found a sacrificial altar of Ru.
  1466 | D:3      | Reached XP level 5. HP: 43/43 MP: 5/7
  1933 | D:3      | You fall into a shaft and drop 2 floors!
  1933 | D:5      | Entered Level 5 of the Dungeon
  1935 | D:5      | Found a snail-covered altar of Cheibriados.
  1935 | D:5      | Found a radiant altar of Vehumet.
  1937 | D:5      | Found a shadowy altar of Dithmenos.
  1968 | D:5      | Found a shimmering blue altar of Sif Muna.
  1976 | D:5      | Reached XP level 6. HP: 50/50 MP: 8/8
  2011 | D:5      | Learned a level 1 spell: Corona
  2015 | D:5      | Learned a level 3 spell: Inner Flame
  2211 | D:5      | Reached skill level 5 in Fighting
  2211 | D:5      | Reached skill level 5 in Crossbows
  2343 | D:5      | Found an ornate altar of the Wu Jian Council.
  2484 | D:5      | Found a runed translucent gate.
  2484 | D:5      | Found a runed translucent gate.
  2486 | D:5      | Found a runed translucent gate.
  2488 | D:5      | Noticed DearestLeader's ghost (amateur SpEn)
  2517 | D:5      | Reached XP level 7. HP: 44/56 MP: 10/10
  2620 | D:5      | Found a staircase to the Ecumenical Temple.
  2649 | Temple   | Entered the Ecumenical Temple
  3465 | D:4      | Noticed Dowan
  3471 | D:4      | Killed Dowan
  3471 | D:4      | Noticed Duvessa
  3477 | D:4      | Killed Duvessa
  4266 | D:6      | Reached XP level 8. HP: 39/63 MP: 9/12
  4991 | D:6      | Reached skill level 5 in Earth Magic
  5558 | D:7      | Found a white marble altar of Elyvilon.
  5651 | D:7      | Found a blossoming altar of Fedhas.
  5680 | D:7      | Reached XP level 9. HP: 54/69 MP: 14/14
  6157 | D:7      | Reached skill level 5 in Throwing
  6157 | D:7      | Reached skill level 5 in Armour
  6157 | D:7      | Reached skill level 5 in Evocations
  6731 | D:7      | Reached skill level 5 in Invocations
  7254 | D:8      | Learned a level 3 spell: Dazzling Flash
  7258 | D:8      | Learned a level 3 spell: Tukima's Dance
  7285 | D:8      | Noticed a two-headed ogre
  7296 | D:8      | Killed a two-headed ogre
  7297 | D:8      | Reached skill level 5 in Short Blades
  7297 | D:8      | Reached skill level 5 in Long Blades
  7297 | D:8      | Reached skill level 5 in Axes
  7297 | D:8      | Reached skill level 5 in Maces & Flails
  7297 | D:8      | Reached skill level 5 in Polearms
  7297 | D:8      | Reached skill level 5 in Staves
  7297 | D:8      | Reached skill level 5 in Slings
  7297 | D:8      | Reached skill level 5 in Bows
  7297 | D:8      | Reached skill level 5 in Dodging
  7297 | D:8      | Reached skill level 5 in Stealth
  7297 | D:8      | Reached skill level 5 in Shields
  7297 | D:8      | Reached skill level 5 in Unarmed Combat
  7297 | D:8      | Reached skill level 5 in Spellcasting
  7297 | D:8      | Reached XP level 10. HP: 34/77 MP: 14/17
  7761 | D:8      | Found an opulent altar of Gozag.
  7782 | D:8      | Became a worshipper of Gozag Ym Sagoz the Greedy
  7854 | D:8      | Found a bloodstained altar of Trog.
  8390 | D:8      | Reached skill level 5 in Ice Magic
  8511 | D:9      | Found a shimmering altar of Xom.
  8520 | D:9      | Learned a level 3 spell: Conjure Flame
  8523 | D:9      | Learned a level 2 spell: Blink
  8527 | D:9      | Learned a level 3 spell: Mephitic Cloud
  8627 | D:9      | Noticed a two-headed ogre
  8658 | D:9      | Killed a two-headed ogre
  8830 | D:9      | Reached XP level 11. HP: 63/84 MP: 12/19
  8973 | D:9      | Found a burning altar of Makhleb.
  9086 | D:9      | Found Baatteloc's Gadget Shoppe.
  9150 | D:9      | Noticed Joseph
  9178 | D:9      | Killed Joseph
  9413 | D:9      | Found a viscous altar of Jiyva.
  9508 | D:9      | Reached skill level 5 in Conjurations
  9508 | D:9      | Reached skill level 5 in Hexes
  9508 | D:9      | Reached skill level 5 in Summonings
  9508 | D:9      | Reached skill level 5 in Necromancy
  9508 | D:9      | Reached skill level 5 in Translocations
  9508 | D:9      | Reached skill level 5 in Transmutations
  9508 | D:9      | Reached skill level 5 in Fire Magic
  9508 | D:9      | Reached skill level 5 in Air Magic
  9508 | D:9      | Reached skill level 5 in Poison Magic
  9530 | D:9      | Found a staircase to the Orcish Mines.
  9770 | D:10     | Entered Level 10 of the Dungeon
  9993 | D:10     | Found a staircase to the Lair.
 10465 | D:10     | Found an ancient bone altar of Kikubaaqudgha.
 11119 | D:11     | Noticed a cyclops
 11132 | D:11     | Killed a cyclops
 11150 | D:11     | Noticed a green ugly thing
 11172 | D:11     | Killed a green ugly thing
 11283 | D:11     | Noticed a two-headed ogre
 11324 | D:11     | Killed a two-headed ogre
 11474 | D:11     | Noticed an orange crystal statue
 11590 | D:11     | Found a burning altar of Makhleb.
 11668 | D:11     | Reached XP level 12. HP: 52/94 MP: 22/22
 11847 | D:11     | Noticed Grum
 11890 | D:11     | Killed Grum
 12742 | D:12     | Found the +8 trident of the Octopus King {venom, rElec
                  | rPois Will+}
 12936 | D:12     | Noticed a boulder beetle
 12951 | D:12     | Killed a boulder beetle
 13845 | D:13     | Noticed a centaur warrior
 13863 | D:13     | Killed a centaur warrior
 14746 | D:14     | Noticed a tengu warrior
 14762 | D:14     | Killed a tengu warrior
 14798 | D:14     | Found a frozen archway.
 14807 | IceCv    | Entered an ice cave
 14838 | IceCv    | Reached XP level 13. HP: 33/101 MP: 24/24
 15057 | IceCv    | Engulfed by an ice statue's freezing vapour

Illustrated notes

Levels and vault maps discovered:
D:1:      dpeg_arrival_pits, layout_basic, minmay_heptomino_h4
D:2:      layout_rooms, minmay_pentomino_pile, uniq_crazy_yiuf_cottage
D:3:      layout_basic, nicolae_ru_great_annihilating_truth
D:4:      layout_loops_corners, uniq_duvessa
D:5:      layout_loops_ring, overflow_temple_1_default,
          nicolae_overflow_quartered_altars, minmay_temple_entry_wispy,
          ebering_ghost_rock_garden
D:6:      layout_basic, minmay_manual_monolith
D:7:      layout_cave_pools, kennysheep_mini, elyvilon_altar_5,
          serial_gnoll_camp, gnoll_camp_mini_house, gnoll_camp_mini_house,
          gnoll_camp_mini_hut, gnoll_camp_mini_doghouse
D:8:      layout_loops_ring, old_standard_altar, basic_altar
D:9:      layout_big_octagon, lemuel_doored_altar, overflow_temple_1_default,
          david_orc_3, serial_shops, nicolae_shop_behind_doors, jiyva_altar_1,
          uniq_joseph
D:10:     layout_loops_cross, due_lair_maze_entry_diamond,
          lemuel_mausoleum_altar_kikubaaqudgha
D:11:     layout_stronghold, basic_altar, minmay_protected_statue, uniq_grum
D:12:     layout_roguey
D:13:     layout_loops_ring
D:14:     layout_gridville, grunt_vaults_entry_fortified,
          chequers_serial_rivers_micro_e, portal_ice_cave_entry_pillars_2,
          minmay_stone_trees_large, nicolae_tso_carved_into_rock
Temple:   minmay_temple_bridge_abc
IceCv:    ice_cave_small_demon

Skill      XL: |  1  2  3  4  5  6  7  8  9 10 11 12 |
---------------+-------------------------------------+-----
Ice Magic      | 2 3 4 5 6 |  6.9
Invocations    | 1 2 3 4 5 6 7 8 |  8.5
Short Blades   | 1 2 3 5 6 7 |  7.8
Long Blades    | 1 2 3 5 6 7 |  7.8
Axes           | 1 2 3 5 6 7 |  7.8
Maces & Flails | 1 2 3 5 6 7 |  7.8
Polearms       | 1 2 3 5 6 7 |  7.8
Staves         | 1 2 3 5 6 7 |  7.8
Slings         | 1 2 3 5 6 7 |  7.8
Bows           | 1 2 3 5 6 7 |  7.8
Dodging        | 1 2 3 5 6 7 |  7.8
Stealth        | 1 2 3 5 6 7 |  7.8
Shields        | 1 2 3 5 6 7 |  7.8
Unarmed Combat | 1 2 3 5 6 7 |  7.8
Spellcasting   | 1 2 3 5 6 7 |  7.8
Conjurations   | 1 2 3 4 5 6 |  6.5
Hexes          | 1 2 3 4 5 6 |  6.5
Summonings     | 1 2 3 4 5 6 |  6.5
Necromancy     | 1 2 3 4 5 6 |  6.5
Translocations | 1 2 3 4 5 6 |  6.5
Transmutations | 1 2 3 4 5 6 |  6.5
Fire Magic     | 1 2 3 4 5 6 |  6.5
Air Magic      | 1 2 3 4 5 6 |  6.5
Poison Magic   | 1 2 3 4 5 6 |  6.5
Throwing       | 3 4 5 6 7 8 |  8.3
Armour         | 3 4 5 6 7 8 |  8.3
Earth Magic    | 4 5 6 7 8 9 |  9.6
Evocations     | 3 4 5 6 7 8 |  8.3
Fighting       | 5 6 7 8 9 |  9.1
Crossbows      | 5 6 7 8 9 |  9.1

Action                   |  1- 3 |  4- 6 |  7- 9 | 10-12 | 13-15 || total
-------------------------+-------+-------+-------+-------+-------++-------
Melee: Hand axe          |       |       |   170 |   284 |       ||   454
       Bite              |       |       |    20 |   104 |     6 ||   130
       Punch             |       |       |     7 |    27 |       ||    34
       Whip              |       |       |       |   126 |       ||   126
       Trident           |       |       |       |   175 |    15 ||   190
 Fire: Hand crossbow     |    89 |   110 |   180 |   306 |       ||   685
Throw: Dart              |       |       |       |    10 |       ||    10
 Cast: Corona            |       |       |     4 |    55 |       ||    59
       Inner Flame       |       |       |       |     7 |       ||     7
       Dazzling Flash    |       |       |       |     3 |       ||     3
       Blink             |       |       |       |     9 |       ||     9
       Mephitic Cloud    |       |       |       |     3 |       ||     3
       Tukima's Dance    |       |       |       |     1 |       ||     1
       Conjure Flame     |       |       |       |     2 |       ||     2
Evoke: Wand              |       |       |     2 |    10 |       ||    12
  Use: Scroll            |       |     5 |     4 |     7 |       ||    16
       Potion            |       |       |     1 |     5 |     1 ||     7
 Stab: Sleeping          |       |       |       |    18 |       ||    18
       Distracted        |       |       |       |     3 |       ||     3
       Confused          |       |       |       |     1 |       ||     1
Armor: Ring mail         |    21 |    12 |    67 |     4 |       ||   104
       Steam dragon scal |       |       |       |   125 |     2 ||   127
Dodge: Dodged            |    21 |    18 |   304 |   718 |    11 ||  1072
Block: Buckler           |       |       |       |     1 |     7 ||     8
